Arrhythmia, chaotic female vampiric Convict ------------ ------ |.....<....|##########%#####)##(#%#)#)###########################.....| |..........[##)#######-------------.------------------# # |.>..| -----.----.-# #|..*.......)...0...............|# ##.....| ## ### #|.-------|-------------..-----.|# |....| # #|.|....|..|...|....| |..| |.|###########-....| # %|.|....|..|...|....| +..| .|.|# ----.- # #|%--|-----|...||------|..-...|.|# ### # ###|......|..|.).|.|..|!.|.-----|.|# # # # #|.----.|..|-|--.|..|.%|.|....|.|# ### # ### #|.|..-.--|-.({.%-|--..|a|..%@|.|# # -.-------- # #|.|..|.......%.%)..--|-.@..(.|.|# ##0 |........|### #|.|---|---.----|--......|.[..|.|# # |........-# #|.|((|. |.| |..---|--------|.|### ##### |........| #|.|((|( |.+ |[?| ...|#.|...-.| # -.--.------- |........| #|.|..|]( |.---|.%|....|..|...|.| ##...........| |........|#######|.-|------..{.---------|------.| |..........| |........| |..............................| |..........| ---------- -------------------------------- ------------ Arrhythmia the Jail-bird Experience level: 8 Strength: 16 Dexterity: 14 Constitution: 17 Intelligence: 12 Wisdom: 7 Charisma: 8 Health: 0(72) Energy: 40(40) AC: 6 Gold: 0 Moves: 3481 Your Inventory: Armor b - a cursed +0 striped shirt (being worn) J - an [uncursed] +0 crested helmet [helmet] (being worn) K - an [uncursed] +0 pair of jackboots [high] (being worn) L - an [uncursed] +0 pair of leather gloves (being worn) Spells known in the end: Name Level Category Fail Memory a - cause fear 3 enchantment 100% [|||||||.] Your skills at the end: Fighting Skills Weapon Skills sling [Basic / Skilled] Spellcasting Skills Final Attributes: You were nominally aligned. Hunger level was 25. Your alignment was 0 / 27. Monster difficulty range was 0 - 6. Level difficulty was 5. You were immune to poison. You were immune to level-drain. You were immune to sickness. You saw invisible. You could fly. You could survive without air. You regenerated. Your luck was zero. You are dead. Vanquished creatures: a watch captain a small mimic 4 watchmen a dingo a dwarf lord a gnome mummy a wood nymph a mountain nymph 2 rock piercers an enormous rat 5 gnome lords 2 gnomish wizards a gray ooze 6 giant ants a little dog a floating eye 7 dwarves a centipede 2 giant bats 5 monkeys 4 orc zombies a werejackal an iguana a coyote 2 hobbits 3 giant rats a brown mold a red mold 28 gnomes a gnome zombie a gecko 4 jackals 2 goblins a sewer rat 2 grid bugs 3 kobold zombies 4 newts 105 creatures vanquished. Voluntary challenges: You went without food. You never hit with a wielded weapon. You read items or engraved 2 times. You put on armor 23 times. You never genocided any monsters. You never polymorphed an object. You never changed form. You used no wishes. You abstained from Elbereth's help. You never encountered a bones level. You never used any Sokoban shortcuts. Dungeon overview: The Dungeons of Doom: levels 1 to 2 Level 1 a fountain, a sink a long staircase Level 2 an armor shop, an altar, a fountain stairs to The Gnomish Mines The Gnomish Mines: levels 3 to 5 Level 3 stairs to The Dungeons of Doom Level 5 <- You were here many shops, a temple to Tymora, a magic chest, some fountains, a sink History has recorded: On T:1 you entered the Dungeons of Doom to retrieve the Amulet of Yendor! On T:630 you reached level 2 of The Dungeons of Doom. On T:726 you reached level 1 of The Gnomish Mines. On T:729 you advanced to experience level 2. On T:731 you advanced to experience level 3. On T:742 you advanced to experience level 4. On T:768 you advanced to experience level 5. On T:1484 you advanced to experience level 6. On T:2276 you reached level 2 of The Gnomish Mines. On T:2292 you advanced to experience level 7. On T:2704 you reached level 3 of The Gnomish Mines. On T:2973 you advanced to experience level 8. Latest messages: The soldier ant stings! The soldier ant bites! The soldier ant misses. [HP-17=36] You hit the soldier ant. You miss the soldier ant. The soldier ant bites! The soldier ant stings! The soldier ant's sting was poisoned! The poison doesn't seem to affect you. [HP-12=24] You miss the soldier ant. (2x) The soldier ant bites! The soldier ant misses. The soldier ant bites! The soldier ant stings! [HP-17=7] The priestess of Tymora intones: "Pilgrim, you enter a sacred place!" You experience a strange sense of peace. The soldier ant bites! The soldier ant stings! You die... Final status: Goodbye Arrhythmia the Convict... You died in The Gnomish Mines on dungeon level 5 with 4514 points, and 0 pieces of gold, after 3481 moves. You were level 8 with a maximum of 72 hit points when you died.